 Dungeon Crawl Stone Soup version 0.30-a0-739-gea05faddec (webtiles) character file.

Game seed: 10596460877361350548

35 Sabo the Firebug (level 3, 0/24 HPs)
             Began as a Demonspawn Fire Elementalist on Feb 4, 2023.
             Slain by a hobgoblin (3 damage)
             ... led by Robin
             ... on level 2 of the Dungeon.
             The game lasted 00:06:47 (1289 turns).

Sabo the Firebug (Demonspawn Fire Elementalist)     Turns: 1289, Time: 00:06:47

Health: 0/24       AC:  3    Str:  8    XL:     3   Next: 16%
Magic:  4/6        EV: 12    Int: 18    God:
Gold:   38         SH:  0    Dex: 13    Spells: 5/6 levels left

rFire   . . .      SeeInvis .    g - +0 mace
rCold   . . .      Faith    .    (no shield)
rNeg    . . .      Spirit   .    a - +0 robe
rPois   .          Reflect  .    (no helmet)
rElec   .          Harm     .    i - +0 cloak
rCorr   .          Rampage  .    (no gloves)
Will    +....                    (no boots)
Stlth   ++                       (no amulet)
HPRegen 0.24/turn                m - ring of willpower
MPRegen 0.10/turn                (no ring)

@: no status effects
A: hooves 1
a: no special abilities


You were on level 2 of the Dungeon.
You visited 1 branch of the dungeon, and saw 2 of its levels.

You collected 38 gold pieces.

Inventory:

Hand Weapons
 g - a +0 mace (weapon)
Missiles
 h - 3 poisoned darts (quivered)
Armour
 a - a +0 robe (worn)
 i - a +0 cloak (worn)
Jewellery
 m - a ring of willpower (left hand)
Scrolls
 c - a scroll of identify {unknown}
 d - a scroll of immolation {unknown}
 j - a scroll of torment {unknown}
 k - a scroll of fog {unknown}
Potions
 e - a potion of berserk rage {unknown}
 f - 2 potions of mutation {unknown}
 l - a potion of haste {unknown}


   Skills:
 + Level 2.2 Dodging
 + Level 2.0 Stealth
 + Level 2.3 Spellcasting
 + Level 1.2 Conjurations
 + Level 3.2 Fire Magic


You had 5 spell levels left.
You knew the following spells:

 Your Spells              Type           Power      Damage    Failure   Level
a - Foxfire               Conj/Fire      40%        2x1d6     7%          1

Your spell library contained the following spells:

 Spells                   Type           Power      Damage    Failure   Level
 Scorch                   Fire           26%        2d6       7%          2
 Inner Flame              Hex/Fire       7%         N/A       26%         3
 Kindle Blastsparks       Fire/Tloc/Air  10%        2d10      34%         3
 Flame Wave               Conj/Fire      10%        2d6       56%         4


Dungeon Overview and Level Annotations

Branches:
Dungeon (2/15)

Altars:

Annotations:
D:2 Robin


Innate Abilities, Weirdness & Mutations

You have large cloven feet.


Message History

You kill the goblin!
A hobgoblin comes into view.
Robin points. "Kill!"
Robin closely misses you.
Your Stealth skill increases to level 2!
Casting: Foxfire (safe; 7% risk of failure)
Confirm with . or Enter, or press ? or * to list all spells.
You conjure some foxfire!
The jackal bites you but does no damage.
Robin closely misses you.
An adder comes into view.
You hit the jackal.
You kill the jackal!
The foxfire hits Robin.
Robin is lightly wounded.
The foxfire hits Robin but does no damage.
Robin is lightly wounded.
Robin roars a battlecry!
A goblin comes into view. It is wielding a +0 club.
Robin barely misses you.
The goblin shouts!
You hear a shout!
You barely miss the hobgoblin.
You hear a bark!
The hobgoblin closely misses you. Robin throws the goblin at you!
The goblin hits you with a +0 club.
* * * LOW HITPOINT WARNING * * *
You hit the hobgoblin but do no damage.
The hobgoblin no longer looks unusually strong.
The hobgoblin hits you.
* * * LOW HITPOINT WARNING * * *
Robin hits you from afar with a +0 spear.
* * * LOW HITPOINT WARNING * * *
The goblin hits you with a +0 club.
* * * LOW HITPOINT WARNING * * *
The goblin attacks as you move away!
The goblin barely misses you. 2 goblins come into view.
Robin roars a battlecry!
The goblin goes into a battle-frenzy!
The hobgoblin hits you.
You die... #. g.## ..## ... ..... .h. #.g. gg#

#.g.)#.# .
##..g.#.# .b
......).#######...
#.g.........
#S#@........
#.g.........
#..####g#####.(.
#........# #..
##...#...# #.#
#...####..# #.#
#.# #..###.# .
#......# #.###<.#
.


You could see Robin, a hobgoblin and 4 goblins.

Vanquished Creatures
  An adder (D:2)
  2 ball pythons
  5 endoplasms (D:1)
  4 goblins (D:2)
  2 hobgoblins (D:1)
  A jackal (D:2)
  3 kobolds (D:1)
  2 bats
  A frilled lizard (D:1)
21 creatures vanquished.

Vanquished Creatures (collateral kills)
  A foxfire (D:2)
1 creature vanquished.

Vanquished Creatures (others)
  35 foxfires
35 creatures vanquished.

Grand Total: 57 creatures vanquished

Notes
Turn   | Place    | Note
-------+----------+-------------------------------------------
     0 | D:1      | Sabo the Demonspawn Fire Elementalist began the quest for
                  | the Orb.
     0 | D:1      | Reached XP level 1. HP: 13/13 MP: 3/3
   464 | D:1      | Discovered your monstrous ancestry.
   464 | D:1      | Gained mutation: You have large cloven feet. [demonic
                  | ancestry]
   464 | D:1      | Reached XP level 2. HP: 19/19 MP: 0/5
   974 | D:1      | Reached skill level 3 in Fire Magic
  1269 | D:2      | Reached XP level 3. HP: 15/24 MP: 0/6
  1275 | D:2      | Noticed Robin
  1289 | D:2      | Slain by a hobgoblin

Illustrated notes

Levels and vault maps discovered:
D:1:      dpeg_arrival_three_smaller_balls, layout_basic,
          chequers_ecumenical_altar_grove
D:2:      layout_rooms, uniq_natasha, uniq_robin, uniq_terence, uniq_sigmund

Skill      XL: |  1  2  3 |
---------------+----------+-----
Dodging        | 2 |  2.2
Fire Magic     | 3 |  3.2
Stealth        | 2 |  2.0
Spellcasting   | |  2.3
Conjurations   | |  1.2

Action                     || total
---------------------------++-------
  Melee: Short sword       ||     9
         Dagger            ||     3
         Mace              ||    14
         Kick              ||     4
   Cast: Foxfire           ||    26
    Use: Potion            ||     1
 Armour: Robe              ||     9
  Dodge: Dodged            ||    23

Table legend: (Time is in decaauts)
 A = Elapsed time spent in this place.
 B = Non-inter-level travel time spent in this place.
 C = Inter-level travel time spent in this place.
 D = Time resting spent in this place.
 E = Time spent auto-exploring this place.
 F = Levels seen in this place.
 G = Mean time per level.
                   A        B        C        D        E       F      G
               +--------+--------+--------+--------+--------+-----+--------+
         Total |   1292 |   1292 |      0 |    379 |      0 |   2 |  646.0 |
       Dungeon |   1292 |   1292 |      0 |    379 |      0 |   2 |  646.0 |
               +--------+--------+--------+--------+--------+-----+--------+

Top non-repeatable levels by time:
     D:1: 1199 daAuts
     D:2: 92 daAuts
